[Event "31st MPL National U18 Chess-ch 2022"]
[Site "Pollachi"]
[Date "2022.04.18"]
[Round "1.1"]
[White "Bharath Subramaniyam H"]
[Black "Kavin Oviyan R"]
[Result "1-0"]
[ECO "A05"]
[WhiteElo "2508"]
[BlackElo "1356"]
[Annotator "TA"]
[PlyCount "51"]
[EventDate "2022.04.18"]
[EventCountry "IND"]
[SourceTitle "playchess.com"]
[Source "ChessBase"]
[SourceQuality "1"]
[TimeControl "5400+30"]

1. b3 Nf6 2. Bb2 g6 3. Nf3 Bg7 4. g3 O-O 5. Bg2 c5 6. c4 d5 7. cxd5 Nxd5 8. Bxg7 Kxg7 9. O-O Nc6 10. d4 {[%emt 0:00:24] Against e5. A05: Réti Opening: 1 Nf3 Nf6.} Bf5 11. dxc5 Ncb4 $2 {[%emt 0:01:57] [#]} (11... Nf6 $16) 12. e4 $146 {[%emt 0:02:19][%cal Be2e4,Be4f5][%mdl 32] White has a decisive advantage.} ({Predecessor:} 12. Qd4+ Kg8 13. Ne1 Be6 14. a3 Nc6 15. Qd2 a5 16. Nc2 Qd7 17. Nc3 Rfd8 18. Nxd5 Bxd5 {½-½ (40) Radisic,S (1632)-Fromme,T (1755) Muensterland 2005}) 12... Ne3 13. fxe3 {[%emt 0:01:55] White is clearly winning.} Qxd1 14. Rxd1 Nc2 {[%emt 0:00:00] [#]} (14... Bg4 $142 15. Na3 Rfd8 16. Rxd8 Rxd8) 15. exf5 $1 Nxa1 16. Na3 Nxb3 17. axb3 Rfd8 18. Rxd8 Rxd8 19. Nd4 Rd7 20. Nab5 a6 {[%emt 0:00:00] [#]} 21. Bxb7 $1 Rxb7 {[%emt 0:00:00] [#]} (21... e6 22. c6) 22. c6 $1 Rb8 23. Na7 Ra8 {[%emt 0:00:00] [#]} 24. c7 $1 gxf5 (24... a5 25. Ndc6) 25. Ndc6 {[%emt 0:00:27] Black must now prevent Nb8.} Kf6 {[%emt 0:00:00] [#]} 26. Nb8 $1 {[%emt 0:00:06] Black got outplayed after the opening.  Weighted Error Value: White=0.01 (flawless) /Black=0.89} 1-0

[Event "31st MPL National U18 Chess-ch 2022"]
[Site "Pollachi"]
[Date "2022.04.18"]
[Round "1.2"]
[White "Chehal Nikhil"]
[Black "Srihari L R"]
[Result "0-1"]
[ECO "B06"]
[WhiteElo "1246"]
[BlackElo "2400"]
[Annotator "TA"]
[PlyCount "76"]
[EventDate "2022.04.18"]
[EventCountry "IND"]
[SourceTitle "playchess.com"]
[Source "ChessBase"]
[SourceQuality "1"]
[TimeControl "5400+30"]

1. d4 d6 2. e4 g6 3. Nc3 Bg7 4. f4 e6 5. Nf3 a6 6. Be3 {[%emt 0:00:30] B06: Modern Defence.} Nd7 7. Be2 Ne7 8. O-O {[%emt 0:00:30] White is slightly better.} b5 9. a3 Bb7 10. Qd2 O-O 11. Rad1 {[%emt 0:00:30] [#]} Nb6 $146 ({Predecessor:} 11... Rc8 12. e5 Nb6 13. Ng5 Nbd5 14. Nxd5 Nxd5 15. b3 Qe7 16. c4 Nxe3 17. Qxe3 bxc4 18. bxc4 {½-½ (60) Wolf,P (1906)-Schaffer,H (2261) Germany 2019}) 12. b3 f5 13. e5 Qd7 14. Na2 ({Better is} 14. Bf2) 14... a5 $11 15. c4 (15. Rb1 $11) 15... a4 $17 16. Nc3 axb3 17. Nxb5 (17. exd6 $17 cxd6 18. Nxb5) 17... d5 $1 $19 18. cxd5 Nexd5 (18... Nbxd5 19. Rb1 $15) ({Black should try} 18... Bxd5 $19 {Strongly threatening ...Nc4.} 19. Qc1 Rfb8 20. Nxc7 b2) 19. Rb1 $1 $15 c6 (19... Bh6 $5 20. g3 (20. Rxb3 Nxe3 21. Qxe3 Nd5 $17) 20... c6 $15) 20. Nd6 Rxa3 {[%emt 0:00:30] White must now prevent ...Ra2.} 21. Bd1 Ba6 {[%emt 0:00:30] ...Ra2 is the strong threat.} 22. Qb2 {[%emt 0:00:30] [#]} (22. Re1 $1 $15) 22... Ra4 ({And not} 22... Bxf1 23. Qxa3 Nxe3 24. Rxb3) (22... Nxe3 $1 $19 23. Qxa3 Bxf1 24. Rxb3 {[#]} Ra8 $1) 23. Re1 Bd3 ({Don't do} 23... Nxe3 24. Rxe3 Nc4 25. Qxb3 $14) (23... Nc4 $15 24. Nxc4 Bxc4 25. Bxb3 Bxb3 26. Qxb3 Rfa8) 24. Bxb3 $11 Bxb1 25. Bxa4 Nxa4 (25... Be4 $5 26. Bd1 Bxf3 27. Bxf3 Ra8 $11) 26. Qxb1 Nac3 $36 {[%mdl 2048] Black has good play.} 27. Qd3 (27. Qb7 $11 Qxb7 28. Nxb7) 27... Nb5 $15 28. Nxb5 ({White should play} 28. g3 $15) 28... cxb5 $17 29. Rb1 Rb8 30. Bd2 Bf8 31. Ne1 b4 32. Qc4 (32. h3 $17) 32... Rc8 $19 33. Qd3 Qa4 34. Qb3 {Against Qa2} Qa3 {&Nero is more active.} 35. Nd3 (35. h3 $17) 35... Qxb3 (35... Qa7 $19 {and Black stays clearly on top.} 36. h3 Qxd4+ 37. Kh2 Kf7) 36. Rxb3 $17 Rc4 37. Nc5 $2 (37. Kf2 $17) 37... Rxd4 $19 38. Nd3 Nc3 {Weighted Error Value: White=0.49/Black=0.22 (precise)} 0-1

[Event "31st MPL National U18 Chess-ch 2022"]
[Site "Pollachi"]
[Date "2022.04.18"]
[Round "1.3"]
[White "Avinash Ramesh"]
[Black "Midilesh MS"]
[Result "1-0"]
[ECO "A34"]
[WhiteElo "2402"]
[BlackElo "1470"]
[Annotator "TA"]
[PlyCount "87"]
[EventDate "2022.04.18"]
[EventCountry "IND"]
[SourceTitle "playchess.com"]
[Source "ChessBase"]
[SourceQuality "1"]
[TimeControl "5400+30"]

1. d4 Nf6 2. Nf3 e6 3. c4 d5 4. g3 Be7 5. Bg2 O-O 6. O-O c5 7. cxd5 Nxd5 8. Nc3 cxd4 9. Nxd5 exd5 10. Nxd4 Nc6 11. Be3 Ne5 {[%emt 0:00:30] A34: Symmetrical English: 2 Nc3, lines with ...d5.} (11... Bg4 $14) 12. Bf4 {[%emt 0:00:30] [#]} (12. Rc1 $16) 12... Nc4 $146 ({Black should try} 12... Bf6 $14) ({Predecessor:} 12... Bf6 13. Rc1 Qa5 14. Qb3 Rd8 15. Nb5 Be6 16. Nc7 Rab8 17. Rfd1 Rbc8 18. Nxe6 fxe6 19. Rxc8 Rxc8 20. Qxb7 {1-0 (36) Wohl,A (2342)-Pyke,M (2182) Queenstown 2009}) 13. b3 Na3 {[%emt 0:00:30] White is better.} 14. Rc1 Be6 (14... a6 $16 15. Qd3 Bd6) 15. e4 Bd6 16. Bxd6 Qxd6 17. exd5 Bd7 18. Qd2 $36 {[%emt 0:00:30][%mdl 2048] White is on the roll.} a5 19. Ne2 Rfe8 20. Qf4 Re5 (20... Nb5 $16 21. Qxd6 Nxd6) 21. Nc3 $18 {[%emt 0:00:30] Threatens to win with Ne4.} Nb5 $2 {[%emt 0:00:30] [#]} (21... Bf5 22. Rce1 Rae8 23. Rxe5 Rxe5) 22. Ne4 $1 Qe7 23. Nc5 (23. d6 $142 Qe8 24. Nc5) 23... Bf5 $2 {[%emt 0:00:30] [#]} (23... Bc8 {was necessary.} 24. Nd3 Re2) 24. Nxb7 $1 {[%emt 0:00:30][%cal Od5d6,Bc5b7,Bb7a5,Ba5c6][%mdl 544] Hoping for d6!} Re8 (24... g5 25. Qd2) 25. Nxa5 g5 26. Qa4 Bd3 (26... Bd7 $142 27. Nc6 Bxc6) 27. Nc6 Qd6 28. Nxe5 Rxe5 29. Rfd1 Be2 30. Re1 Nc7 31. Qc6 Qxc6 32. Rxc6 Nb5 33. Rc2 Nd4 34. Rd2 f5 35. Rxd4 {[%emt 0:00:30] White mates.} f4 36. gxf4 gxf4 37. Rxf4 Rg5 38. Rxe2 Kg7 39. Re7+ Kg6 40. h4 Rh5 41. Be4+ Rf5 42. Bxf5+ Kf6 43. d6 h5 44. Bb1# {[%emt 0:00:30] Weighted Error Value: White=0.26 (precise) /Black=0.77} 1-0

[Event "31st MPL National U18 Chess-ch 2022"]
[Site "Pollachi"]
[Date "2022.04.18"]
[Round "1.4"]
[White "Rahul Kumar, Pune"]
[Black "Ayush Sharma"]
[Result "0-1"]
[ECO "A47"]
[WhiteElo "2184"]
[BlackElo "2302"]
[Annotator "TA"]
[PlyCount "82"]
[EventDate "2022.04.18"]
[EventCountry "IND"]
[SourceTitle "playchess.com"]
[Source "ChessBase"]
[SourceQuality "1"]
[TimeControl "5400+30"]

1. d4 Nf6 2. Nf3 e6 3. Nbd2 c5 4. e3 b6 5. c3 Bb7 6. Bd3 Be7 7. O-O O-O 8. Re1 {[%emt 0:00:30] 8.Qe2 gains popularity.} d5 {[%emt 0:00:30] A47: 1 d4 Nf6 2 Nf3 b6: Torre, London and Colle Systems.} 9. e4 $1 dxe4 10. Nxe4 cxd4 {[%emt 0:00:30] Strongly threatening ...Nxe4. The position is equal.} 11. Nxd4 Nbd7 12. Bg5 h6 13. Bh4 Nc5 14. Nxc5 bxc5 15. Nf3 {[%emt 0:00:30] [#]} Qd5 $146 ({Predecessor:} 15... Qb6 16. Qe2 Rfd8 17. b3 Qc6 18. Bb5 Qd5 19. Qe5 Qxe5 20. Nxe5 g5 21. Bg3 Rac8 22. f3 a6 {0-1 (42) Lamberts,G-Hester,D Australia 1996}) 16. Bxf6 Bxf6 17. Qe2 Rab8 18. Be4 $2 {[%emt 0:00:30] This move loses the game for White.} (18. Qc2 $11 {and White stays safe.}) 18... Qxe4 $19 19. Qxe4 Bxe4 {[%emt 0:00:30][%mdl 64] [#] Discovered Attack} 20. Rxe4 Rxb2 21. Ne5 Rd8 {[%emt 0:00:30] Prevents Nd7.} 22. Ree1 Bxe5 23. Rxe5 Rxa2 {[%emt 0:00:30][%mdl 4096] Endgame KRR-KRR} 24. Rae1 Rdd2 25. Rf1 Rd5 26. Re3 (26. Rxd5 {was the only defense.} exd5 27. Rd1) 26... a5 27. g3 a4 28. Rb1 a3 29. c4 Rdd2 {[%emt 0:00:30] ...Rab2 is the strong threat.} 30. Rf3 (30. Rb8+ $142 Kh7 31. Ra8 Rxf2 32. Raxa3) 30... Rab2 31. Rb3 {[%emt 0:00:30] [#]} a2 $1 {[%emt 0:00:30][%mdl 512] Black mates.} 32. R3xb2 (32. Rb8+ Kh7) 32... Rxb2 {[%emt 0:00:30] KR-KR} 33. Ra1 Rb1+ 34. Rxb1 axb1=Q+ 35. Kg2 Qe4+ 36. f3 Qe2+ 37. Kg1 e5 38. f4 e4 39. h3 e3 40. g4 Qf2+ 41. Kh1 e2 {[%emt 0:00:30] Weighted Error Value: White=0.63/Black=0.05 (flawless)} 0-1

[Event "31st MPL National U18 Chess-ch 2022"]
[Site "Pollachi"]
[Date "2022.04.18"]
[Round "1.5"]
[White "Harshad S"]
[Black "Bharanidharan Nedunchezhian"]
[Result "1-0"]
[ECO "B50"]
[WhiteElo "2328"]
[BlackElo "1296"]
[Annotator "TA"]
[PlyCount "77"]
[EventDate "2022.04.18"]
[EventCountry "IND"]
[SourceTitle "playchess.com"]
[Source "ChessBase"]
[SourceQuality "1"]
[TimeControl "5400+30"]

1. e4 c5 2. Nf3 d6 3. b3 Nf6 4. Nc3 a6 5. a4 e6 6. e5 {[%emt 0:04:05] B50: Sicilian: 2...d6, Miscellaneous.} dxe5 7. Nxe5 {[%emt 0:01:12] [#]} Bd6 $146 ({Predecessor:} 7... Be7 8. Bb2 Nbd7 9. Nc4 b6 10. Qf3 Ra7 11. Bd3 Qc7 12. O-O Bb7 13. Qh3 Nd5 14. Nxd5 Bxd5 {1-0 (33) Gershkowich,D (2228)-Vagman,R (2073) Ramat Gan 2020}) 8. Nc4 {[%emt 0:03:02] The position is equal.} Bc7 9. g3 (9. Ba3 $14) 9... e5 (9... Bd7 $1 $11) 10. Bg2 (10. Ba3 $14) 10... Bg4 $11 11. f3 Bf5 (11... Be6 $11) 12. Ba3 $14 Nbd7 13. Ne3 Be6 14. O-O {[%emt 0:00:40] Hoping for f4.} Rb8 15. f4 exf4 16. gxf4 g6 17. Kh1 Nh5 18. Ncd5 $36 {[%emt 0:02:46][%mdl 2048] White is on the roll.} Bd6 19. Nc4 Ndf6 (19... Be7 $16) 20. Nxf6+ Nxf6 21. Nxd6+ (21. Bb2 Bc7 $16) 21... Qxd6 22. Bb2 Bd5 $2 {[%emt 0:02:24] [#]} (22... Qe7 23. Qf3 Rg8) 23. Qe2+ (23. Bxd5 $142 Qxd5+ 24. Qf3) 23... Kd7 (23... Kf8 {is a better defense.} 24. Be5 Qe6 25. Bxd5 Qxd5+ 26. Qg2 Qxg2+ 27. Kxg2 Kg7 28. Bxb8 Rxb8) 24. Be5 $18 Qc6 (24... Rbe8 25. Kg1 (25. Qd3 Bxg2+ 26. Kxg2 Qxd3 $11) 25... Kc8 26. Bh3+ (26. Bxd6 Rxe2 27. Bh3+ Be6 $11) 26... Nd7) 25. c4 $2 (25. Qd3 $18 {is the precise move to win.} Kc8 26. Qh3+ (26. Bxd5 Nxd5 27. Qh3+ Qd7 $18) 26... Qd7 27. f5) 25... Bxg2+ $16 26. Qxg2 {[%emt 0:00:03] Dancing on a razor blade.} Qxg2+ (26... Rbc8 $16) 27. Kxg2 $18 Ne4 28. f5 ({Don't play} 28. Bxb8 Rxb8 29. Rad1 b6 $18) ({Much less strong is} 28. Bxh8 Rxh8 29. Rad1 Kc8 $18) 28... gxf5 (28... Nd6 {might work better.}) 29. Bxh8 Rxh8 30. Rxf5 {[%emt 0:00:27][%mdl 4096] Endgame KRR-KRN} Rg8+ 31. Kf3 Nxd2+ 32. Kf4 Nxb3 33. Rb1 Nd2 34. Rd5+ Kc6 35. Rxd2 Rg6 36. a5 {[%emt 0:00:17] [#] Intending Rb6+ and mate.} Rf6+ 37. Ke5 Rf3 38. Rdb2 {[%emt 0:00:29] White wants to mate with Rb6+.} Rc3 39. Rxb7 {[%emt 0:00:12] Weighted Error Value: White=0.30/Black=0.82} 1-0

[Event "31st MPL National U18 Chess-ch 2022"]
[Site "Pollachi"]
[Date "2022.04.18"]
[Round "2.1"]
[White "Naveen Kanniyappan S"]
[Black "Bharath Subramaniyam H"]
[Result "0-1"]
[ECO "B22"]
[WhiteElo "1564"]
[BlackElo "2508"]
[Annotator "TA"]
[PlyCount "80"]
[EventDate "2022.04.18"]
[EventCountry "IND"]
[SourceTitle "playchess.com"]
[Source "ChessBase"]
[SourceQuality "1"]
[TimeControl "5400+30"]

1. e4 c5 2. c3 Nf6 3. e5 Nd5 4. d4 cxd4 5. cxd4 e6 6. Nf3 d6 7. Bc4 Nb6 8. Bb5+ {[%emt 0:00:07] B22: Sicilian: 2 c3.} (8. Bd3 $14 {was preferrable.}) 8... Bd7 $11 9. Bxd7+ Qxd7 10. O-O {[%emt 0:00:09] The position is equal.} Nc6 11. Nc3 Be7 12. Bf4 d5 13. Rc1 O-O {[%emt 0:02:07] [#]} 14. h3 $146 ({Predecessor:} 14. Bg5 a6 15. Bxe7 Qxe7 16. Na4 Nxa4 17. Qxa4 Rfc8 18. Rc5 Na7 19. Rfc1 Rc6 20. b4 {0-1 (39) Bonvalot,I-Reams,C Massy 1993}) 14... Rac8 15. g4 f6 (15... Nc4 $5 ) 16. Bh2 {[%emt 0:02:52] [#]} (16. exf6 $11 {remains equal.} Bxf6 17. Bg3) 16... fxe5 $1 $17 17. Nxe5 Nxe5 18. Bxe5 Nc4 19. Qe2 Nxe5 20. Qxe5 Bd6 21. Qe2 Rce8 {[%emt 0:06:38][%cal Oh7h5,Bc8e8,Be8e7,Be7f7,Bf7f4][%mdl 32] &Nero is more active.} 22. Qd3 Bb8 23. Ne2 Qd6 {[%emt 0:00:15][%csl Gb8][%cal Rd6h2] [#]} 24. Ng3 Re7 25. Rc3 Ref7 26. Qc2 Rf4 27. Rd3 a6 28. Qe2 Ba7 29. Qe3 g6 30. Rd2 $2 {[%emt 0:02:36][%mdl 8192] White does not recover from this.} (30. Kh1 $17) 30... Rf3 $19 31. Qe2 Rxg3+ 32. fxg3 Qxg3+ 33. Kh1 Qxh3+ 34. Kg1 Rxf1+ 35. Qxf1 Qxg4+ {[%emt 0:00:20] KQR-KQB} 36. Kh1 Bxd4 37. Rc2 (37. Re2 $142) 37... Qe4+ 38. Rg2 Be5 {[%emt 0:02:15] ( -> ...Qh4+)} 39. Kg1 Qe3+ 40. Qf2 Qc1+ {[%emt 0:00:07] Weighted Error Value: White=0.76/Black=0.06 (flawless)} 0-1

[Event "31st MPL National U18 Chess-ch 2022"]
[Site "Pollachi"]
[Date "2022.04.18"]
[Round "2.2"]
[White "Srihari L R"]
[Black "Aditya Savalkar"]
[Result "1-0"]
[ECO "D11"]
[WhiteElo "2400"]
[BlackElo "1592"]
[Annotator "TA"]
[PlyCount "95"]
[EventDate "2022.04.18"]
[EventCountry "IND"]
[SourceTitle "playchess.com"]
[Source "ChessBase"]
[SourceQuality "1"]
[TimeControl "5400+30"]

1. Nf3 d5 2. c4 c6 3. d4 Nf6 4. Qc2 g6 5. Bf4 Bf5 6. Qb3 Qb6 7. e3 $1 {[%emt 0:02:01] The main line 7.e3 scores better than 7.c5.} Na6 {[%emt 0:10:56][%cal Bb8a6,Ba6b4,Bb4c2][%mdl 32] D11: Slav Defence: 3 Nf3 sidelines and 3...Nf6 4 e3 Bg4.} 8. Be2 (8. Nc3 $14) 8... dxc4 9. Bxc4 Qxb3 {[%emt 0:00:02] The position is equal.} 10. Bxb3 Nb4 11. O-O {[%emt 0:00:56] [#]} Nc2 $146 ({Predecessor:} 11... Bg7 12. Nc3 O-O 13. Ne5 Nbd5 14. Nxd5 cxd5 15. h3 Rfc8 16. g4 Bc2 17. Rfc1 Bxb3 18. axb3 a6 19. Bg5 e6 20. Bxf6 Bxf6 21. Nd7 Bd8 22. Kf1 Kg7 {½-½ (22) Spassov,L (2421)-Galunov,T (2364) Kula 2010}) 12. Bxc2 Bxc2 13. Nbd2 Bg7 14. Rfc1 Bf5 15. Nc4 Nd5 16. Bg3 Be4 (16... a5 $11 {might be stronger.}) 17. Nfd2 $14 Bd3 18. Na5 $36 {[%emt 0:00:08][%mdl 2048] White is more active.} O-O-O 19. Ndb3 Bb5 {[%emt 0:03:40] Black is now going downhill.} ({Black should play} 19... Bf5 $14) 20. a4 $16 Ba6 {[%emt 0:00:08] [#]} (20... Be2 $16 {was necessary.}) 21. Nc5 $1 $18 Nb4 22. Ra3 {[%emt 0:03:48] And now Rb3 would win.} Rd5 {[%emt 0:00:07][%cal Od5c5] [#]} 23. Rb3 (23. Nxc6 $1 $18 bxc6 24. Rb3 Bxd4 25. Rxb4 (25. exd4 Rxd4 26. Be5 Rhd8 $18) 25... Rxc5 26. Rxc5 Bxc5 27. Rb8+ Kd7 28. Rxh8) 23... Nd3 (23... Rxc5 $16 {was worth a try.} 24. Rxc5 b6) 24. Nxd3 Rxa5 25. Nc5 e5 (25... Rd8 $142) 26. Bxe5 Bxe5 27. dxe5 Rd8 28. Rbc3 b6 {[%emt 0:00:38] [#]} 29. b4 bxc5 (29... Rxc5 30. bxc5) 30. bxa5 {[%emt 0:00:04][%mdl 4096] Endgame KRR-KRB} c4 31. f4 Rd2 32. R1c2 Rd1+ 33. Kf2 Kd7 34. Ke2 Rg1 35. Rd2+ Ke7 36. Kf2 Ra1 37. Rd6 Ra2+ 38. Kg3 Bb7 (38... Rxa4 $142 39. Rxc6 Rxa5 40. Rc7+ Ke8 41. Rxa7 Ra4) 39. Rxc4 Ra3 40. Rb4 Bc8 41. Rxc6 Bd7 42. Rc7 {[%emt 0:00:09] Strongly threatening Rd4.} Rxe3+ 43. Kf2 Rd3 44. Rxa7 {[%emt 0:00:06] a6 is the strong threat.} Ke6 45. Rb6+ Kf5 46. Rd6 Rxd6 47. exd6 Bxa4 48. d7 {[%emt 0:00:07] Weighted Error Value: White=0.13 (very precise) /Black=0.36} 1-0

[Event "31st MPL National U18 Chess-ch 2022"]
[Site "Pollachi"]
[Date "2022.04.18"]
[Round "2.3"]
[White "Piyush Kumar"]
[Black "Avinash Ramesh"]
[Result "1/2-1/2"]
[ECO "B73"]
[WhiteElo "1535"]
[BlackElo "2402"]
[Annotator "TA"]
[PlyCount "177"]
[EventDate "2022.04.18"]
[EventCountry "IND"]
[SourceTitle "playchess.com"]
[Source "ChessBase"]
[SourceQuality "1"]
[TimeControl "5400+30"]

1. e4 {[%emt 0:00:03] Rogers,I} c5 2. Nf3 Nc6 3. d4 cxd4 4. Nxd4 Nf6 5. Nc3 d6 6. Be2 g6 7. Be3 Bg7 8. O-O O-O 9. h3 d5 10. exd5 Nxd5 11. Nxd5 Qxd5 12. Bf3 Qa5 13. Nxc6 {[%emt 0:07:03] B73: Sicilian Dragon: Classical System without 9 Nb3.} bxc6 14. Qc1 Rb8 15. c3 c5 16. Re1 {[%emt 0:06:31] Threatening Bf4.} Be6 {[%emt 0:14:04] [#]} 17. Bf4 $146 ({Predecessor:} 17. a3 c4 18. Bf4 Rbd8 19. Bg5 Rfe8 20. Rxe6 fxe6 21. Bc6 Rd5 22. Bxe8 Rxg5 23. Qf4 Qd5 24. Bf7+ {1-0 (24) Depasquale,C (2280)-Myo,N Penang 1991 EXT 1997 [Rogers,I]}) 17... Rbd8 18. Be5 c4 {[%emt 0:00:00] [#]} (18... Qb6 $11) 19. b4 $1 $14 Qb6 20. Bxg7 Kxg7 21. Qf4 Kg8 22. Be4 (22. Qh6 {is interesting.} Rd3 23. Rac1 Qd6 24. a4) 22... Rd6 23. Re2 Rfd8 24. Rae1 Qb5 25. Bc2 Qb6 26. h4 Rd5 27. Be4 Qd6 28. Qe3 Rd2 29. Bc2 {[%emt 0:03:31] Rxd2 is the strong threat.} Rxe2 30. Rxe2 a5 31. bxa5 (31. b5 $16) 31... Qa3 $11 32. h5 Qxa5 33. hxg6 hxg6 {[%emt 0:00:00] [#]} 34. Bxg6 $1 {[%emt 0:01:13][%cal Oe3h6] aiming for Qh6!} Rd1+ 35. Re1 (35. Kh2 {keeps more tension.} Kg7 36. Qg3 fxg6 37. Rxe6 Qh5+ 38. Qh3) 35... Rxe1+ 36. Qxe1 Qxa2 37. Be4 Qa7 38. Qd2 Qa1+ 39. Kh2 Qa5 {[%emt 0:00:00] Prevents Qg5+. White must now prevent ...Qe5+.} 40. Qe3 Qh5+ 41. Kg1 Qd1+ 42. Kh2 Qd6+ 43. Kg1 Kf8 44. Bc2 Ke8 45. Ba4+ Kd8 46. Qa7 Bd5 47. Qe3 (47. Qd4 {seems wilder.} Qe6 48. Kf1 Qe4 49. Qxe4 Bxe4 50. g4) 47... e5 48. Bc2 Be6 49. f3 Kc8 50. Kf2 Kb8 51. Ke2 f5 52. Kf1 Kc7 {[%emt 0:01:18] The position is equal.} 53. Qa7+ Kd8 54. Qe3 f4 55. Qe2 Qc5 56. Be4 Ke7 57. Qd2 Qa7 58. Bc2 Qa2 59. Ke2 Qa1 60. Kf2 {[%emt 0:00:14] Against Qg1+} Qb2 {[%emt 0:00:18][%cal Oe6f5] And now ...Bf5! would win.} 61. Ke2 Qb6 62. Kf1 {[%emt 0:00:25] Against Qg1+} Kf6 63. Be4 Ke7 64. Bc2 Qb5 65. Kf2 Qc5+ 66. Kf1 Bd5 67. Qe1 Kd6 68. Qd2 Kc7 69. Qe1 Bc6 70. Be4 Ba4 71. Qd2 Bc6 72. Bxc6 Qxc6 {[%emt 0:00:05][%mdl 4096] Endgame KQ-KQ} 73. Kf2 Qb6+ 74. Kf1 Kc6 75. Qe1 Qc5 76. Qe4+ Qd5 {[%emt 0:00:46] ( -> ...Qxe4)} 77. Qg6+ Kc5 78. Ke2 {[%emt 0:00:11] Prevents Qd2+.} Qb7 79. Qc2 {[%emt 0:00:17] Against Qb2} Qb3 80. Qd2 Qb1 {[%emt 0:00:41] Strongly threatening ...Qg1.} 81. Kf2 {[%emt 0:00:13] Prevents Qg1+.} Qa1 82. Qc2 Kb5 83. Qd2 Kc6 84. Qc2 Qa7+ 85. Kf1 Qe3 86. Qa4+ Kd6 87. Qxc4 Qc1+ 88. Kf2 Qe3+ 89. Kf1 {[%emt 0:02:30] Weighted Error Value: White=0.09 (flawless) /Black=0.10 (very precise)} 1/2-1/2

[Event "31st MPL National U18 Chess-ch 2022"]
[Site "Pollachi"]
[Date "2022.04.18"]
[Round "2.4"]
[White "Ayush Sharma"]
[Black "Advait Ratnakar Vibhute"]
[Result "1-0"]
[ECO "B39"]
[WhiteElo "2302"]
[BlackElo "1532"]
[Annotator "TA"]
[PlyCount "145"]
[EventDate "2022.04.18"]
[EventCountry "IND"]
[SourceTitle "playchess.com"]
[Source "ChessBase"]
[SourceQuality "1"]
[TimeControl "5400+30"]

1. e4 c5 2. Nf3 g6 3. d4 cxd4 4. Nxd4 Bg7 5. c4 Nc6 6. Be3 Nf6 7. Nc3 Ng4 8. Qxg4 Nxd4 9. Qd1 e5 10. Nb5 O-O 11. Nxd4 {[%emt 0:01:05] B39: Sicilian: Maroczy Bind with 5...Bg7 and 7...Ng4.} (11. Qd2 $14) 11... exd4 $15 12. Bxd4 Qh4 ({Don't do} 12... Re8 13. f3 $14) (12... Qa5+ $1 $15 13. Ke2 Re8) 13. Bxg7 {[%emt 0:01:10] White is slightly better.} Qxe4+ 14. Be2 (14. Qe2 $14 Qxe2+ 15. Bxe2 Kxg7 16. O-O-O) 14... Kxg7 (14... Qxg2 $15 15. Bxf8 Qxh1+ 16. Kd2 Qxd1+ 17. Rxd1 Kxf8) 15. O-O $14 d6 {[%emt 0:07:00] [#]} 16. Re1 $146 ({Predecessor:} 16. b3 Qe5 17. Bf3 Rb8 18. Re1 Qf6 19. a4 b6 20. Qd2 Bb7 21. Bxb7 Rxb7 22. Rad1 {0-1 (39) Furo,J (2221)-Felegyhazi,L (2300) Hungary 1999}) 16... Qf4 17. Qd5 Qe5 ({Better is} 17... Be6 $1 $11 18. Qxb7 Rab8 19. Qxa7 Rxb2) 18. Qd2 Qf6 19. Rad1 Rd8 20. b3 Be6 21. Qb4 (21. Bf3 $16) 21... Qe7 (21... d5 $11) 22. Bf3 $16 Rab8 23. Rd2 Rd7 {[%emt 0:01:54] [#]} 24. Bc6 $1 Rc7 25. Bd5 {[%emt 0:00:19] 0x0.0017ad110bf2dp-1022s more active pieces.} Rd8 26. Rde2 Re8 27. h3 b6 28. a4 Rc5 29. Qd2 Rcc8 30. Re4 Rcd8 31. h4 Qf6 32. Rf4 (32. Bc6 $142) 32... Bf5 33. g4 Rxe1+ 34. Qxe1 Qe5 35. Qc1 {[%emt 0:01:37] aiming for Rxf5.} Be6 36. Re4 $36 {[%emt 0:01:39][%mdl 2048] White is more active.} Qf6 37. g5 Qf5 38. Qc3+ Kg8 39. Qf6 Qxf6 40. gxf6 $11 {[%emt 0:00:02][%mdl 4096] Endgame KRB-KRB} Re8 41. Rd4 h6 (41... Bxd5 $1 $11 42. cxd5 (42. Rxd5 Re6 $11) 42... Rc8) 42. Bc6 $16 Rd8 43. b4 g5 {[%emt 0:01:11] [#] Black cannot hold the game after this.} (43... Rc8 $16 {might work better.} 44. b5 a5) 44. h5 $1 $18 Kf8 45. Bb5 d5 46. Bc6 Rd6 47. cxd5 Bf5 48. b5 {[%emt 0:00:17] Hoping for f3.} Bc2 $2 (48... Bh3 49. Kh2 Bf5) 49. f3 Bf5 50. Kf2 Bc2 51. Ke3 Bf5 52. Kd2 Bb1 (52... Bh3 {was necessary.} 53. Ke3 Bf5) 53. Kc3 Bf5 54. Rd1 g4 (54... Bh3 $142 55. Rd4 Bf5) 55. fxg4 Bxg4 56. Rf1 Bxh5 57. Kd4 {[%emt 0:00:01] Strongly threatening Ke5.} Bg4 58. Ke5 Rd8 59. d6 h5 60. Rg1 {[%emt 0:00:34][%cal Og1g4] Rxg4! would kill now.} Be6 61. Rg7 Bg4 62. Rg5 Rc8 63. d7 Bxd7 64. Bxd7 {[%emt 0:00:05] KRB-KR} Rc5+ 65. Kf4 {[%emt 0:00:05] Intending Rxc5 and mate.} Rc4+ 66. Kg3 h4+ 67. Kh3 {[%emt 0:00:01] Threatening mate with Re5.} Rxa4 68. Rg4 {[%emt 0:00:37] White mates.} Ra3+ 69. Kxh4 a6 70. Re4 Kg8 71. Re8+ Kh7 72. Bf5+ Kh6 73. Rh8# {[%emt 0:00:02] Weighted Error Value: White=0.19 (very precise) /Black=0.55} 1-0